 Dungeon Crawl Stone Soup version 0.29-a0-1027-gcd8c55af63 (webtiles) character file.

Game seed: 4971991392191907806

24530 roflturtle the Arsonist (level 13, -3/76 HPs)
             Began as a Tengu Fire Elementalist on Aug 12, 2022.
             Was an Elder of Vehumet.
             Slain by a black mamba (11 damage)
             ... on level 3 of the Lair of Beasts.
             The game lasted 01:51:54 (18049 turns).

roflturtle the Arsonist (Tengu Fire Elementalist)  Turns: 18049, Time: 01:51:55

Health: -3/76      AC:  4    Str: 10    XL:     13   Next: 13%
Magic:  19/26      EV: 21    Int: 19    God:    Vehumet [****..]
Gold:   802        SH:  0    Dex: 19    Spells: 5/28 levels left

rFire   . . .      SeeInvis +   E - staff of conjuration
rCold   + . .      Faith    .   (no shield)
rNeg    . . .      Spirit   .   Q - +1 robe {rC+}
rPois   .          Reflect  .   (helmet restricted)
rElec   .          Harm     .   g - scarf {repulsion}
rCorr   .          Rampage  .   D - +0 pair of gloves
Will    .....                   (boots unavailable)
Stlth   +++.......              H - amulet of regeneration
HPRegen 1.02/turn               m - ring of wizardry
MPRegen 0.20/turn               q - ring of the Grand God {Dex+4 SInv}

@: lethally poisoned (-3 -> -11), about to teleport, marked, flying quickly and
evasively, repel missiles, quick
A: beak, talons 3, nimble flight
a: Renounce Religion


You were on level 3 of the Lair of Beasts.
You worshipped Vehumet.
Vehumet was greatly pleased with you.
You visited 3 branches of the dungeon, and saw 17 of its levels.
You also visited: Sewer and Bailey.

You collected 802 gold pieces.

Inventory:

Hand Weapons
 d - the +4 hand axe of Lust {speed, rElec rF+ rN+ Str-2}
   (You found it on level 2 of the Dungeon)

   Attacks with this weapon are significantly faster.
   Str:       It affects your strength (-2).
   rF:        It protects you from fire.
   rElec:     It insulates you from electricity.
   rN:        It protects you from negative energy.
Armour
 g - a scarf of repulsion (worn)
 C - a +0 troll leather armour
 D - a +0 pair of gloves (worn)
 Q - a +1 robe of cold resistance (worn)
Magical Staves
 E - a staff of conjuration (weapon)
Jewellery
 m - a ring of wizardry (left hand)
 q - the ring of the Grand God (right hand) {Dex+4 SInv}
   (You acquired it in a bailey)

   [ring of see invisible]

   Dex:       It affects your dexterity (+4).
   SInv:      It lets you see invisible.
 z - a ring of fire
 A - a ring of poison resistance
 B - an amulet of reflection
 H - an amulet of regeneration (around neck)
 S - a +6 ring of intelligence
Wands
 a - a wand of polymorph (8)
 h - a wand of paralysis (21)
 G - a wand of flame (17)
 J - a wand of acid (17)
 L - a wand of mindburst (13)
Scrolls
 c - 6 scrolls of poison {unknown}
 i - 4 scrolls of vulnerability {unknown}
 j - 2 scrolls of identify
 n - a scroll of enchant weapon {unknown}
 r - 4 scrolls of fear
 t - 4 scrolls of butterflies
 u - a scroll of teleportation
 v - 2 scrolls of summoning {unknown}
 w - 3 scrolls of enchant armour {unknown}
 x - 3 scrolls of magic mapping {unknown}
 y - 3 scrolls of amnesia
 F - 2 scrolls of silence {unknown}
 I - a scroll of immolation {unknown}
 K - 2 scrolls of brand weapon {unknown}
 U - a scroll of torment {unknown}
 W - a scroll of blinking {unknown}
Potions
 b - 3 potions of magic
 e - a potion of brilliance {unknown}
 f - 4 potions of cancellation
 k - 4 potions of haste
 l - 3 potions of curing
 o - 4 potions of might
 p - a potion of lignification {unknown}
 s - 13 potions of heal wounds
 N - a potion of invisibility {unknown}
 O - a potion of resistance
 P - a potion of berserk rage {unknown}
 R - a potion of flight {unknown}


   Skills:
 + Level 7.5 Fighting
 - Level 4.1 Staves
 - Level 9.2 Dodging
 - Level 5.3 Stealth
 - Level 8.0 Spellcasting
 - Level 10.0 Conjurations
 - Level 4.0 Hexes
 - Level 12.0 Fire Magic
 - Level 7.4 Evocations


You had 5 spell levels left.
You knew the following spells:

 Your Spells              Type           Power      Damage    Failure   Level
a - Foxfire               Conj/Fire      100%       2x1d9     1%          1
b - Scorch                Fire           100%       2d10      1%          2
c - Inner Flame           Hex/Fire       38%        N/A       1%          3
d - Flame Wave            Conj/Fire      65%        2d15      1%          4
e - Conjure Flame         Conj/Fire      65%        6-21      1%          3
f - Lightning Bolt        Conj/Air       19%        1d34      4%          5
g - Necrotise             Necr           28%        1d5       3%          1
h - Summon Lightning Spi  Summ/Air       7%         N/A       32%         4

Your spell library contained the following spells:

 Spells                   Type           Power      Damage    Failure   Level
 Stone Arrow              Conj/Erth      78%        3d11      1%          3
 Poisonous Vapours        Pois/Air       14%        N/A       1%          2
 Static Discharge         Conj/Air       39%        3-8/arc   1%          2
 Apportation              Tloc           14%        N/A       3%          1
 Sting                    Tmut/Pois      28%        1d4       3%          1
 Summon Small Mammal      Summ           28%        N/A       3%          1
 Olgreb's Toxic Radiance  Pois           7%         N/A       10%         4
 Gell's Gravitas          Tloc           7%         N/A       11%         3
 Lesser Beckoning         Tloc           7%         N/A       11%         3
 Ozocubu's Armour         Ice            7%         N/A       11%         3
 Teleport Other           Tloc           7%         N/A       11%         3
 Metabolic Englaciation   Hex/Ice        7%         N/A       38%         5
 Simulacrum               Ice/Necr       3%         N/A       99%         6
 Storm Form               Tmut/Air       3%         N/A       100%        7
 Maxwell's Capacitive Co  Air            3%         ∞         100%        8


Dungeon Overview and Level Annotations

Branches:
Dungeon (13/15)            Temple (1/1) D:5            Lair (3/5) D:10
  Swamp (0/4) Lair:2          Orc (0/2) D:9           Sewer (visited)
 Bailey (visited)
  Snake: Lair:2-3    Spider: Lair:2-3    Vaults: D:13-14

Altars:
Ashenzari
Cheibriados
Elyvilon
Hepliaklqana
Kikubaaqudgha
Qazlal
Sif Muna
Trog
Vehumet
Xom
The Shining One


Innate Abilities, Weirdness & Mutations

You have a beak for a mouth.
You have claws for feet.
Your magical nature lets you fly swiftly and evasively.


Message History

The black mamba is almost dead.
The black mamba's fire resistance burns away.
The black mamba bites you but does no damage.
Casting: Scorch (safe; 1% risk of failure)
Confirm with . or Enter, or press ? or * to list all spells.
Flames lash the culicivora.
The culicivora is burned terribly!
The culicivora is severely wounded.
The black mamba closely misses you. The black mamba bites you!
You are poisoned.
The black mamba poisons you!
You feel very sick. The black mamba closely misses you.
The black mamba barely misses you.
You feel sick.
You feel sick.
A redback comes into view.
You feel sick. The black mamba bites you.
You are more poisoned.
The black mamba poisons you! The culicivora barely misses you.
The wolf spider hits you. The wolf spider bites you!
The black mamba misses you.
The culicivora attacks as you move away!
The culicivora closely misses you.
You feel very sick. The wolf spider misses you.
The wolf spider closely misses you.
Casting: Scorch (safe; 1% risk of failure)
Confirm with . or Enter, or press ? or * to list all spells.
Okay, then.
As you read the scroll of teleportation, it crumbles to dust.
You feel strangely unstable.
You feel very sick. The black mamba closely misses you.
The wolf spider barely misses you. The wolf spider bites you!
* * * LOW HITPOINT WARNING * * *
The black mamba completely misses you.
You feel very sick. The wolf spider hits you!
* * * LOW HITPOINT WARNING * * *
The wolf spider misses you. The wolf spider barely misses you. x2
The black mamba bites you!
You die...

### ^^...##P#....# #
.^.#### ##...#### ..#
### #.....##
^#####.###P......
#...............
######.#####......
##..##### #P....#.
##...#.## #.......
#..@Ss#.# #.....#.
##...s#..#####.....#.
#....s...............
#.###.#######...##.#.
### ### #.####### ###
#


You could see a wolf spider, a culicivora (combustible), a black mamba and a
redback.

Vanquished Creatures
  Fannar (Lair:2)
  2 hydras
  3 two-headed ogres
  2 death yaks (Lair:1)
  2 bog bodies (Lair:2)
  An orc knight (Bailey)
  A torpor snail (Lair:1)
  7 cane toads
  2 black mambas (Lair:2)
  3 rime drakes
  2 kobold demonologists (D:10)
  A komodo dragon (Lair:1)
  4 trolls
  2 polar bears (Lair:2)
  4 blink frogs (Lair:3)
  Grinder (D:6)
  A hornet (D:9)
  3 dream sheep (Lair:3)
  A shadow (D:9)
  2 wraiths
  Sigmund (D:2)
  6 wyverns
  29 yaks
  A steam dragon (D:9)
  9 water moccasins
  5 orc warriors
  2 black bears
  2 ice beasts
  2 centaurs (D:8)
  2 phantoms
  7 kobold brigands
  9 bullfrogs
  A necrophage (D:6)
  A gnoll sergeant (D:11)
  7 scorpions
  3 wights (D:9)
  9 killer bees
  An electric eel (D:7)
  A howler monkey (D:11)
  4 hounds
  3 gnoll boudas
  An orc priest (D:7)
  3 jellies
  4 iguanas
  6 orc wizards
  26 gnolls
  14 adders
  5 river rats (Sewer)
  A white imp (D:6)
  3 dart slugs
  A worm (D:3)
  37 orcs
  10 ball pythons
  7 endoplasms
  7 giant cockroaches
  13 goblins
  10 hobgoblins
  17 jackals
  24 kobolds
  6 quokkas
  4 bats
  7 frilled lizards
  7 rats
  2 butterflies (Lair:3)
365 creatures vanquished.

Vanquished Creatures (collateral kills)
  18 foxfires
18 creatures vanquished.

Vanquished Creatures (others)
  An orc (D:7)
  A bush (Lair:1)
  1255 foxfires
  74 fungi
  78 plants
1409 creatures vanquished.

Grand Total: 1792 creatures vanquished

Notes
Turn   | Place    | Note
-------+----------+-------------------------------------------
     0 | D:1      | roflturtle the Tengu Fire Elementalist began the quest for
                  | the Orb.
     0 | D:1      | Reached XP level 1. HP: 10/10 MP: 4/4
   139 | D:1      | Reached XP level 2. HP: 15/15 MP: 1/6
   424 | D:1      | Reached XP level 3. HP: 19/19 MP: 0/8
  1170 | D:2      | Found a faded altar of an unknown god.
  1175 | D:2      | Identified the +4 hand axe of Lust {speed, rElec rF+ rN+
                  | Str-2}
  1222 | D:2      | Reached skill level 4 in Fire Magic
  1365 | D:2      | Learned a level 2 spell: Scorch
  1369 | D:2      | Learned a level 3 spell: Inner Flame
  1416 | D:2      | Reached XP level 4. HP: 24/24 MP: 6/9
  1503 | D:2      | Noticed Sigmund
  1510 | D:2      | Killed Sigmund
  1511 | D:2      | Reached skill level 6 in Fire Magic
  1511 | D:2      | Gained mutation: Your magical nature lets you fly swiftly
                  | and evasively. [Tengu growth]
  1511 | D:2      | Reached XP level 5. HP: 22/28 MP: 0/10
  1517 | D:2      | Learned a level 4 spell: Flame Wave
  1702 | D:2      | Reached XP level 6. HP: 30/32 MP: 4/11
  2066 | D:3      | Reached skill level 1 in Hexes
  2088 | D:3      | Found a glowing drain.
  2104 | Sewer    | Entered a sewer
  2584 | Sewer    | Reached XP level 7. HP: 36/36 MP: 0/12
  3592 | D:3      | Reached skill level 5 in Conjurations
  4969 | D:4      | Found a white marble altar of Elyvilon.
  5268 | D:4      | Found a stormy altar of Qazlal.
  5314 | D:4      | Found a glowing golden altar of the Shining One.
  5516 | D:5      | Entered Level 5 of the Dungeon
  5584 | D:5      | Found a staircase to the Ecumenical Temple.
  5648 | Temple   | Entered the Ecumenical Temple
  5658 | Temple   | Became a worshipper of Vehumet
  5709 | D:5      | Reached XP level 8. HP: 41/41 MP: 8/15
  5881 | D:5      | Reached skill level 7 in Fire Magic
  6687 | D:6      | Reached skill level 5 in Spellcasting
  6698 | D:6      | Reached * piety under Vehumet
  6698 | D:6      | Offered knowledge of Magic Dart by Vehumet.
  6700 | D:6      | Noticed Grinder
  7238 | D:6      | Killed Grinder
  7239 | D:6      | Reached XP level 9. HP: 45/45 MP: 17/17
  7713 | D:7      | Found a broken altar of Ashenzari.
  7780 | D:7      | Reached skill level 1 in Fighting
  8140 | D:7      | Found an ancient bone altar of Kikubaaqudgha.
  8217 | D:7      | Reached skill level 5 in Dodging
  8899 | D:8      | Offered knowledge of Sandblast by Vehumet.
  8900 | D:8      | Reached ** piety under Vehumet
  8940 | D:8      | Found a flagged portal.
  8954 | Bailey   | Entered a bailey
  9555 | Bailey   | Noticed an orc knight
  9568 | Bailey   | Killed an orc knight
  9569 | Bailey   | Reached XP level 10. HP: 55/56 MP: 18/18
  9873 | Bailey   | Acquired the ring of the Grand God {Dex+4 SInv}
  9999 | D:8      | Found a shimmering blue altar of Sif Muna.
 10370 | D:9      | Reached skill level 8 in Fire Magic
 10461 | D:9      | Noticed a two-headed ogre
 10495 | D:9      | Killed a two-headed ogre
 10496 | D:9      | Reached skill level 9 in Fire Magic
 10779 | D:9      | Found a staircase to the Orcish Mines.
 10785 | D:9      | Offered knowledge of Static Discharge by Vehumet.
 11171 | D:9      | Reached *** piety under Vehumet
 11655 | D:9      | Reached XP level 11. HP: 61/61 MP: 17/24
 11860 | D:10     | Entered Level 10 of the Dungeon
 11994 | D:10     | You are sucked into a shaft and drop 3 floors!
 12079 | D:10     | Noticed a sixfirhy
 12082 | D:11     | Reached skill level 10 in Fire Magic
 12091 | D:11     | Learned a level 3 spell: Conjure Flame
 12123 | D:11     | Noticed an eight-headed hydra
 12158 | D:11     | Learned a level 5 spell: Lightning Bolt
 12159 | D:11     | Noticed a two-headed ogre
 12190 | D:11     | Killed a two-headed ogre
 12617 | D:10     | Learned a level 1 spell: Necrotise
 12622 | D:10     | Learned a level 4 spell: Summon Lightning Spire
 12699 | D:10     | Reached skill level 11 in Fire Magic
 12772 | D:10     | Found a shimmering altar of Xom.
 12878 | D:10     | Offered knowledge of Dazzling Flash by Vehumet.
 12901 | D:10     | Found a staircase to the Lair.
 12999 | D:10     | Reached skill level 12 in Fire Magic
 13075 | D:10     | Reached **** piety under Vehumet
 13318 | D:10     | Reached skill level 10 in Conjurations
 13342 | D:10     | Offered knowledge of Stone Arrow by Vehumet.
 13553 | D:10     | Found a snail-covered altar of Cheibriados.
 13553 | D:10     | Found a bloodstained altar of Trog.
 13592 | D:10     | Found an ancient bone altar of Kikubaaqudgha.
 13595 | D:10     | Found a hazy altar of Hepliaklqana.
 13707 | D:11     | Noticed a two-headed ogre
 13729 | D:11     | Killed a two-headed ogre
 13834 | D:11     | Killed an eight-headed hydra
 14059 | D:11     | Reached XP level 12. HP: 66/66 MP: 10/25
 14543 | D:12     | Noticed a boulder beetle
 14567 | Lair:1   | Entered Level 1 of the Lair of Beasts
 14858 | Lair:1   | Reached skill level 5 in Evocations
 15020 | Lair:1   | Noticed a death yak
 15024 | Lair:1   | Noticed a death yak
 15074 | Lair:1   | Found a gate leading to a gauntlet.
 15360 | Lair:1   | Killed a death yak
 15361 | Lair:1   | Killed a death yak
 15896 | Lair:2   | Noticed a seven-headed hydra
 15922 | Lair:2   | Killed a seven-headed hydra
 16124 | Lair:2   | Identified the +1 ring mail of the Mackerel {Int+2}
 16155 | Lair:2   | Noticed Fannar
 16268 | Lair:2   | Reached skill level 5 in Stealth
 16414 | Lair:2   | Reached skill level 5 in Fighting
 16442 | Lair:2   | Found a staircase to the Swamp.
 16455 | Lair:2   | Identified the +1 leather armour of Greed {+Inv Fly Int-3
                  | Slay+3}
 17016 | Lair:2   | Killed Fannar
 17224 | Lair:3   | Reached XP level 13. HP: 59/74 MP: 24/26
 18049 | Lair:3   | Slain by a black mamba

Illustrated notes

Levels and vault maps discovered:
D:1:      dpeg_arrival_leaves_temple_mockup, layout_loops_cross
D:2:      layout_basic, basic_ecumenical_altar, uniq_sigmund
D:3:      layout_loops_corners, portal_sewer_entry_f, serial_glass,
          glass_columns_a, glass_columns_b, minmay_fractal_squares_5
D:4:      layout_basic, lemuel_coloured_pillars_altar,
          mainiacjoe_overflow_alcove_1, nicolae_elyvilon_peaceful_grove
D:5:      layout_basic, minmay_temple_entry_fiery
D:6:      layout_basic, uniq_grinder
D:7:      layout_basic, mainiacjoe_overflow_surrounded_room, kennysheep_diamond,
          kennysheep_donut
D:8:      layout_cave_pools, mainiacjoe_overflow_cross_hatched, enter_bailey_3,
          minivault_25
D:9:      layout_roguey, david_orc_2
D:10:     layout_loops_ring, minitemple, gammafunk_temple_overflow_elements,
          due_lair_maze_entry_diamond
D:11:     layout_basic
D:12:     layout_loops_ring, serial_glass, glass_columns_c, glass_columns_b,
          nrook_mini_vaults, nicolae_wooded_promenade, guppyfry_shop_blood,
          uniq_nergalle, uniq_sonja
D:13:     layout_irregular_city, erik_vaults_2
Temple:   nicolae_temple_slightly_damp_pantheon
Lair:1:   layout_chaotic_city, gauntlet_entry_generic,
          infiniplex_staircase_pool_2
Lair:2:   layout_misc_corridors, skrybe_swamp_entry_bodies, uniq_fannar
Lair:3:   layout_chaotic_city, spider_nest_entry_funnel_web, grunt_megastairs_3,
          lemuel_fruit_fields

Skill      XL: |  1  2  3  4  5  6  7  8  9 10 11 12 13 |
---------------+----------------------------------------+-----
Conjurations   | 2 3 6 7 9 10 | 10.0
Spellcasting   | 3 4 5 8 |  8.0
Fire Magic     | 4 6 7 9 12 | 12.0
Hexes          | 2 4 |  4.0
Dodging        | 4 5 7 9 |  9.2
Evocations     | 3 4 7 |  7.4
Fighting       | 4 5 7 |  7.5
Stealth        | 4 5 |  5.3
Staves         | 4 |  4.1

Action                   |  1- 3 |  4- 6 |  7- 9 | 10-12 | 13-15 || total
-------------------------+-------+-------+-------+-------+-------++-------
Melee: Unarmed           |     2 |       |       |       |       ||     2
       Short sword       |     9 |       |       |       |       ||     9
       Kick              |     3 |     6 |    22 |     7 |     5 ||    43
       Peck              |     2 |     3 |    11 |    12 |     1 ||    29
       Dagger            |     3 |       |       |       |       ||     3
       Hand axe          |       |    22 |    57 |       |       ||    79
       Punch             |       |       |     1 |     4 |       ||     5
       Staff             |       |       |     4 |    41 |     6 ||    51
 Cast: Foxfire           |    59 |    62 |   282 |   324 |    34 ||   761
       Scorch            |       |     1 |    22 |    92 |    11 ||   126
       Flame Wave        |       |     1 |     1 |     9 |     1 ||    12
       Inner Flame       |       |       |     8 |    38 |       ||    46
       Lightning Bolt    |       |       |       |    24 |     3 ||    27
       Conjure Flame     |       |       |       |    12 |       ||    12
       Necrotise         |       |       |       |     1 |       ||     1
Evoke: Wand              |       |       |       |     5 |       ||     5
  Use: Scroll            |       |       |     2 |    11 |     1 ||    14
       Potion            |       |       |       |     1 |     1 ||     2
 Stab: Sleeping          |       |     1 |     1 |     1 |       ||     3
Armor: Robe              |     3 |     5 |     6 |    12 |     1 ||    27
Dodge: Dodged            |    21 |    15 |    50 |   148 |    30 ||   264
       Repelled          |       |       |     1 |     2 |       ||     3

Table legend: (Time is in decaauts)
 A = Elapsed time spent in this place.
 B = Non-inter-level travel time spent in this place.
 C = Inter-level travel time spent in this place.
 D = Time resting spent in this place.
 E = Time spent auto-exploring this place.
 F = Levels seen in this place.
 G = Mean time per level.
                   A        B        C        D        E       F      G
               +--------+--------+--------+--------+--------+-----+--------+
         Total |  17126 |  16221 |    905 |   1133 |  11417 |  19 |  901.4 |
       Dungeon |  11845 |  11086 |    759 |    695 |   8143 |  13 |  911.2 |
        Temple |     24 |     17 |      7 |      0 |      0 |   1 |   24.0 |
          Lair |   3306 |   3167 |    139 |    135 |   2185 |   3 | 1102.0 |
         Sewer |   1041 |   1041 |      0 |     61 |    746 |   1 | 1041.0 |
        Bailey |    909 |    909 |      0 |    242 |    341 |   1 |  909.0 |
               +--------+--------+--------+--------+--------+-----+--------+

Top non-repeatable levels by time:
     D:9: 1539 daAuts
  Lair:2: 1350 daAuts
    D:10: 1288 daAuts
  Lair:1: 1220 daAuts
     D:4: 1171 daAuts
     D:1: 1166 daAuts
     D:3: 1134 daAuts
    D:11: 1050 daAuts
     D:5: 1048 daAuts
   Sewer: 1041 daAuts
     D:7: 952 daAuts
     D:6: 943 daAuts
  Bailey: 909 daAuts
     D:2: 747 daAuts
  Lair:3: 735 daAuts
